[ AOE2 MATCH · #505238813 ]
UnrankedBurmese vs Poles
Player's team · WIN
Rival team · LOSS
[ REPLAY ANALYSIS · EXTRACTED FROM THE RECORDED GAME ]
Feudal
10:31
Castle
14:24
Imperial
—
| APM avg | 63.7 |
| APM peak | 104 |
| eAPM avg | 20.0 |
| Villagers / military | 56 / 54 |
Focus
⚔️ 33.3% · 🌾 66.7%
Arambai ×45 · Monk ×4 · Battering Ram ×4 · Scorpion ×1
Feudal
9:46
Castle
25:39
Imperial
—
| APM avg | 41.6 |
| APM peak | 68 |
| eAPM avg | 26.1 |
| Villagers / military | 62 / 10 |
Focus
⚔️ 30.3% · 🌾 69.7%
Militia ×3 · Mangonel ×3 · Skirmisher ×2 · Scout Cavalry ×2
Match map
Initial resources + every placement click. Lines = walls · curves = elevation contours. ◆ gold · ⬟ stone · ● berries · ✦ relic · ◌ wall gap
Your base· Open — unwalled flank
Jaco's base· Open — unwalled flank
Smoothed initial terrain · ◌ = detected wall gap · hover for details
Inputs per minute
— Tom Tucker - - Jaco
Build order — Tom Tucker
First 150 of 162 actions detected
| 0:00 | Create | Villager (Male) |
| 0:01 | Create | Villager (Male) |
| 0:02 | Build | House |
| 0:03 | Build | House |
| 0:14 | Create | Villager (Male) |
| 0:14 | Create | Villager (Male) |
| 1:24 | Build | Lumber Camp |
| 1:27 | Create | Villager (Male) |
| 1:51 | Create | Villager (Male) |
| 2:25 | Create | Villager (Male) |
| 2:51 | Create | Villager (Male) |
| 3:18 | Create | Villager (Male) |
| 3:37 | Create | Villager (Male) |
| 3:52 | Build | House |
| 4:04 | Create | Villager (Male) |
| 4:07 | Build | Palisade Wall |
| 4:12 | Create | Villager (Male) |
| 4:12 | Create | Villager (Male) |
| 4:18 | Build | Mill |
| 4:52 | Create | Villager (Male) |
| 4:54 | Create | Villager (Male) |
| 4:54 | Create | Villager (Male) |
| 5:09 | Create | Villager (Male) |
| 5:16 | Build | House |
| 5:37 | Create | Villager (Male) |
| 5:56 | Create | Villager (Male) |
| 6:27 | Create | Villager (Male) |
| 6:36 | Create | Villager (Male) |
| 6:36 | Create | Villager (Male) |
| 6:58 | Build | Mining Camp |
| 7:34 | Research | Loom |
| 8:19 | Research | Feudal Age |
| 8:22 | Build | Palisade Wall |
| 8:24 | Build | Palisade Wall |
| 8:25 | Build | Palisade Wall |
| 8:40 | Build | Palisade Wall |
| 9:55 | Create | Villager (Male) |
| 9:55 | Create | Villager (Male) |
| 10:31 | Age | Feudal Age |
| 10:35 | Build | Market |
| 10:37 | Build | Blacksmith |
| 11:44 | Research | Castle Age |
| 12:10 | Build | House |
| 12:15 | Build | Palisade Wall |
| 13:26 | Build | Farm |
| 13:27 | Build | Farm |
| 13:45 | Build | Farm |
| 14:09 | Create | Villager (Male) |
| 14:09 | Create | Villager (Male) |
| 14:24 | Age | Castle Age |
| 14:26 | Build | Castle |
| 14:30 | Build | Mining Camp |
| 15:12 | Create | Villager (Male) |
| 15:12 | Create | Villager (Male) |
| 15:59 | Create | Villager (Male) |
| 16:11 | Create | Arambai |
| 16:12 | Create | Villager (Male) |
| 16:27 | Create | Arambai |
| 16:36 | Create | Villager (Male) |
| 16:43 | Create | Arambai |
| 16:45 | Create | Villager (Male) |
| 16:46 | Create | Villager (Male) |
| 16:57 | Create | Arambai |
| 17:06 | Create | Arambai |
| 17:15 | Create | Villager (Male) |
| 17:33 | Create | Arambai |
| 17:41 | Build | Monastery |
| 18:01 | Create | Arambai |
| 18:05 | Create | Villager (Male) |
| 18:24 | Create | Arambai |
| 18:25 | Create | Monk |
| 18:27 | Build | House |
| 18:28 | Build | House |
| 18:34 | Create | Villager (Male) |
| 18:36 | Create | Arambai |
| 19:04 | Create | Monk |
| 19:07 | Create | Arambai |
| 19:08 | Create | Villager (Male) |
| 19:19 | Build | Farm |
| 19:20 | Build | Farm |
| 19:21 | Build | Farm |
| 19:23 | Create | Arambai |
| 19:43 | Create | Villager (Male) |
| 19:45 | Build | House |
| 19:51 | Create | Villager (Male) |
| 19:54 | Create | Arambai |
| 19:55 | Create | Villager (Male) |
| 19:56 | Create | Arambai |
| 20:16 | Create | Arambai |
| 20:39 | Create | Arambai |
| 20:52 | Create | Villager (Male) |
| 20:54 | Create | Arambai |
| 20:55 | Create | Arambai |
| 20:56 | Create | Villager (Male) |
| 20:59 | Build | Siege Workshop |
| 21:09 | Create | Arambai |
| 21:29 | Create | Arambai |
| 21:30 | Create | Villager (Male) |
| 21:32 | Build | House |
| 21:32 | Build | House |
| 21:36 | Build | Mining Camp |
| 21:59 | Create | Villager (Male) |
| 22:00 | Build | House |
| 22:08 | Create | Villager (Male) |
| 22:38 | Build | Farm |
| 23:02 | Create | Villager (Male) |
| 23:04 | Build | House |
| 23:04 | Create | Arambai |
| 23:04 | Create | Arambai |
| 23:05 | Create | Arambai |
| 23:05 | Create | Arambai |
| 23:05 | Create | Arambai |
| 23:18 | Create | Battering Ram |
| 23:38 | Create | Villager (Male) |
| 23:42 | Create | Arambai |
| 23:48 | Build | House |
| 23:49 | Build | House |
| 23:51 | Create | Villager (Male) |
| 24:02 | Create | Arambai |
| 24:45 | Create | Battering Ram |
| 24:47 | Create | Arambai |
| 24:47 | Create | Arambai |
| 25:08 | Create | Arambai |
| 25:08 | Create | Arambai |
| 25:24 | Create | Arambai |
| 25:35 | Create | Arambai |
| 25:35 | Create | Arambai |
| 25:48 | Build | House |
| 25:57 | Build | House |
| 26:04 | Create | Villager (Male) |
| 26:04 | Create | Villager (Male) |
| 26:06 | Create | Scorpion |
| 26:11 | Create | Monk |
| 26:23 | Create | Arambai |
| 26:25 | Build | House |
| 26:42 | Research | Gold Mining |
| 26:46 | Create | Battering Ram |
| 26:50 | Research | Fervor |
| 26:52 | Research | Sanctity |
| 26:56 | Create | Arambai |
| 27:13 | Create | Villager (Male) |
| 27:16 | Create | Arambai |
| 27:16 | Create | Arambai |
| 27:29 | Create | Arambai |
| 27:31 | Research | Fervor |
| 27:54 | Research | Redemption |
| 28:17 | Create | Arambai |
| 28:17 | Create | Arambai |
| 28:33 | Create | Villager (Male) |
| 28:33 | Create | Villager (Male) |
Build order — Jaco
First 150 of 157 actions detected
| 0:01 | Create | Villager (Male) |
| 0:01 | Create | Villager (Male) |
| 0:02 | Build | House |
| 0:05 | Build | House |
| 0:08 | Create | Villager (Male) |
| 0:08 | Create | Villager (Male) |
| 1:24 | Create | Villager (Male) |
| 1:50 | Create | Villager (Male) |
| 1:55 | Build | Lumber Camp |
| 2:24 | Create | Villager (Male) |
| 2:40 | Create | Villager (Male) |
| 3:20 | Create | Villager (Male) |
| 3:20 | Create | Villager (Male) |
| 3:52 | Build | House |
| 4:09 | Create | Villager (Male) |
| 4:19 | Build | Mill |
| 4:31 | Create | Villager (Male) |
| 4:45 | Create | Villager (Male) |
| 5:04 | Create | Villager (Male) |
| 5:04 | Create | Villager (Male) |
| 6:04 | Create | Villager (Male) |
| 6:05 | Create | Villager (Male) |
| 6:12 | Build | Barracks |
| 6:53 | Build | Mining Camp |
| 7:01 | Research | Loom |
| 7:15 | Create | Militia |
| 7:16 | Create | Militia |
| 7:36 | Research | Feudal Age |
| 7:56 | Create | Militia |
| 8:38 | Create | Villager (Male) |
| 8:59 | Build | House |
| 9:21 | Create | Villager (Male) |
| 9:46 | Age | Feudal Age |
| 10:00 | Build | Watch Tower |
| 10:05 | Research | Horse Collar |
| 10:06 | Research | Horse Collar |
| 10:07 | Research | Man-at-Arms (upgrade) |
| 10:07 | Research | Man-at-Arms (upgrade) |
| 10:17 | Create | Villager (Male) |
| 10:49 | Create | Villager (Male) |
| 10:55 | Build | Farm |
| 10:58 | Build | Farm |
| 11:35 | Create | Villager (Male) |
| 11:41 | Build | House |
| 11:46 | Create | Villager (Male) |
| 11:51 | Build | Stable |
| 11:57 | Build | Palisade Wall |
| 11:58 | Build | Palisade Wall |
| 11:58 | Build | Palisade Wall |
| 11:58 | Build | Palisade Wall |
| 11:59 | Build | Palisade Wall |
| 11:59 | Build | Palisade Wall |
| 12:00 | Build | Palisade Wall |
| 12:00 | Build | Palisade Wall |
| 12:13 | Create | Villager (Male) |
| 12:16 | Build | Farm |
| 12:35 | Create | Villager (Male) |
| 12:42 | Build | Watch Tower |
| 13:01 | Build | Farm |
| 13:05 | Create | Scout Cavalry |
| 13:05 | Create | Scout Cavalry |
| 13:11 | Build | House |
| 13:13 | Create | Villager (Male) |
| 13:24 | Create | Villager (Male) |
| 13:49 | Build | Mining Camp |
| 13:51 | Create | Villager (Male) |
| 14:03 | Build | House |
| 14:22 | Build | Farm |
| 14:23 | Create | Villager (Male) |
| 14:52 | Build | Watch Tower |
| 14:58 | Build | Palisade Wall |
| 14:58 | Build | Palisade Wall |
| 14:59 | Build | Palisade Wall |
| 14:59 | Build | Palisade Wall |
| 15:01 | Build | Palisade Wall |
| 15:01 | Build | Palisade Wall |
| 15:02 | Create | Villager (Male) |
| 15:13 | Build | Farm |
| 15:19 | Build | Blacksmith |
| 15:28 | Create | Villager (Male) |
| 15:46 | Build | Watch Tower |
| 15:51 | Build | Watch Tower |
| 15:55 | Build | Watch Tower |
| 16:01 | Create | Villager (Male) |
| 16:01 | Create | Villager (Male) |
| 16:24 | Build | Mill |
| 16:29 | Build | Mill |
| 16:36 | Build | Mill |
| 16:53 | Create | Villager (Male) |
| 16:56 | Build | Mining Camp |
| 17:02 | Build | Palisade Wall |
| 17:07 | Create | Villager (Male) |
| 17:16 | Create | Villager (Male) |
| 17:21 | Build | Farm |
| 17:24 | Create | Villager (Male) |
| 17:40 | Build | Watch Tower |
| 18:03 | Build | House |
| 18:11 | Build | Farm |
| 18:12 | Build | Farm |
| 18:30 | Build | Watch Tower |
| 18:35 | Create | Villager (Male) |
| 18:40 | Build | Farm |
| 18:43 | Build | Farm |
| 18:45 | Create | Villager (Male) |
| 19:07 | Build | Farm |
| 19:24 | Create | Villager (Male) |
| 19:29 | Build | Farm |
| 19:38 | Research | Fletching |
| 19:54 | Build | Watch Tower |
| 20:19 | Create | Villager (Male) |
| 20:19 | Create | Villager (Male) |
| 20:42 | Create | Villager (Male) |
| 21:15 | Create | Villager (Male) |
| 21:17 | Build | Market |
| 21:39 | Create | Villager (Male) |
| 22:00 | Create | Villager (Male) |
| 22:34 | Create | Villager (Male) |
| 22:43 | Research | Castle Age |
| 23:35 | Create | Villager (Male) |
| 25:39 | Age | Castle Age |
| 25:42 | Build | Watch Tower |
| 25:46 | Build | Siege Workshop |
| 25:51 | Build | Archery Range |
| 25:55 | Create | Villager (Male) |
| 26:05 | Create | Villager (Male) |
| 26:24 | Create | Mangonel |
| 26:24 | Create | Mangonel |
| 26:37 | Build | Town Center |
| 26:48 | Research | Elite Skirmisher (upgrade) |
| 26:49 | Create | Villager (Male) |
| 26:50 | Create | Villager (Male) |
| 27:04 | Research | Double-Bit Axe |
| 27:05 | Research | Heavy Plow |
| 27:05 | Research | Heavy Plow |
| 27:15 | Create | Villager (Male) |
| 27:56 | Create | Villager (Male) |
| 27:56 | Create | Villager (Male) |
| 28:24 | Create | Villager (Male) |
| 28:24 | Create | Villager (Male) |
| 28:27 | Create | Villager (Male) |
| 28:27 | Create | Villager (Male) |
| 28:30 | Build | House |
| 28:33 | Build | Market |
| 28:40 | Build | House |
| 28:54 | Build | Mill |
| 28:56 | Build | Farm |
| 28:56 | Build | Farm |
| 28:56 | Build | Farm |
| 28:56 | Build | Farm |
| 28:56 | Build | Farm |
Match timeline
| 4:07 | Tom Tucker · wall_segment Palisade Wall x2 |
| 6:12 | Jaco · first_building Barracks |
| 8:22 | Tom Tucker · wall_segment Palisade Wall x1 |
| 8:24 | Tom Tucker · wall_segment Palisade Wall x1 |
| 8:25 | Tom Tucker · wall_segment Palisade Wall x1 |
| 8:40 | Tom Tucker · wall_segment Palisade Wall x3 |
| 9:46 | Jaco · age_up feudal |
| 10:31 | Tom Tucker · age_up feudal |
| 11:24 | Tom Tucker · first_market_sell 100 stone |
| 11:51 | Jaco · first_building Stable |
| 11:57 | Jaco · wall_segment Palisade Wall x1 |
| 11:58 | Jaco · wall_segment Palisade Wall x1 |
| 11:58 | Jaco · wall_segment Palisade Wall x1 |
| 11:58 | Jaco · wall_segment Palisade Wall x1 |
| 11:59 | Jaco · wall_segment Palisade Wall x2 |
| 11:59 | Jaco · wall_segment Palisade Wall x1 |
| 12:00 | Jaco · wall_segment Palisade Wall x1 |
| 12:00 | Jaco · wall_segment Palisade Wall x1 |
| 12:15 | Tom Tucker · wall_segment Palisade Wall x1 |
| 14:24 | Tom Tucker · age_up castle |
| 14:26 | Tom Tucker · first_building Castle |
| 14:58 | Jaco · wall_segment Palisade Wall x1 |
| 14:58 | Jaco · wall_segment Palisade Wall x1 |
| 14:59 | Jaco · wall_segment Palisade Wall x1 |
| 14:59 | Jaco · wall_segment Palisade Wall x1 |
| 15:01 | Jaco · wall_segment Palisade Wall x1 |
| 15:01 | Jaco · wall_segment Palisade Wall x1 |
| 17:02 | Jaco · wall_segment Palisade Wall x1 |
| 17:41 | Tom Tucker · first_building Monastery |
| 20:59 | Tom Tucker · first_building Siege Workshop |
| 22:42 | Jaco · first_market_buy 100 food |
| 25:39 | Jaco · age_up castle |
| 25:46 | Jaco · first_building Siege Workshop |
| 25:51 | Jaco · first_building Archery Range |
| 29:03 | Jaco · first_market_sell 100 wood |
| 30:18 | Jaco · resign |
[ AI ANALYSIS · 1 CREDIT ]
What really happened in this match?
Wolo.gg analyzes every decision: build order, eco, micro, common mistakes by bracket. Personalized analysis on WhatsApp or Discord in 30 seconds.
Civ guide
Burmese
Perfil
Jugador #6252402